 Dungeon Crawl Stone Soup version 0.17.0-57-g0e89251 (webtiles) character file.

94 lucasterio the Cutter (level 4, 0/28 HPs)
             Began as a Kobold Berserker on Dec 7, 2015.
             Was a Believer of Trog.
             Succumbed to a crimson imp's poison
             ... on level 3 of the Dungeon.
             The game lasted 00:05:00 (2205 turns).

lucasterio the Cutter (Kobold Berserker)            Turns: 2205, Time: 00:05:01

Health: 0/28       AC:  7    Str: 16    XL:     4   Next: 94%
Magic:  4/4        EV: 14    Int:  5    God:    Trog [**....]
Gold:   103        SH:  0    Dex: 15    Spells: 0 memorised, 3 levels left

rFire  . . .     SeeInvis .     a - +0 short sword
rCold  . . .     Clarity  .     e - -1 ring mail (curse)
rNeg   . . .     SustAt   .     (shield restricted)
rPois  .         Gourm    .     (no helmet)
rElec  .         Spirit   .     (no cloak)
rCorr  .         Warding  .     k - +2 pair of gloves
rMut   .         Stasis   .     (no boots)
MR     .....                    (no amulet)
Stlth  +.........               (no ring)
                                (no ring)

@: lethally poisoned (0 -> -5), exhausted, very slightly contaminated, hasted
and slowed, not resistant to hostile enchantments, very unstealthy
A: carnivore 3
a: Berserk, Trog's Hand, Burn Spellbooks, Renounce Religion


You were on level 3 of the Dungeon.
You worshipped Trog.
Trog was pleased with you.
You were very full.

You visited 1 branch of the dungeon, and saw 3 of its levels.

You collected 103 gold pieces.

Inventory:

Hand Weapons
 a - a +0 short sword (weapon)
Missiles
 w - 18 arrows
Armour
 e - a cursed -1 ring mail (worn)
 k - a +2 pair of gloves (worn)
 u - a cursed -1 ring mail
Jewellery
 n - an uncursed ring of sustain attributes {unknown}
Scrolls
 b - a scroll of recharging {unknown}
 d - 2 scrolls of remove curse {unknown}
 i - 4 scrolls of identify {unknown}
 j - 2 scrolls of enchant armour {unknown}
 m - 2 scrolls of amnesia {unknown}
 p - a scroll of immolation {unknown}
 r - 3 scrolls of blinking {unknown}
 s - a scroll of noise {unknown}
Potions
 f - a potion of invisibility {unknown}
 g - a potion of heal wounds {unknown}
 t - a potion of haste {unknown}
 v - a potion of might {unknown}
Comestibles
 c - 2 meat rations
 h - 19 chunks of flesh
 l - a royal jelly
 o - a slice of pizza
 q - a beef jerky


   Skills:
 - Level 3.2 Fighting
 * Level 6.2 Short Blades
 + Level 2.4 Armour
 - Level 2.4 Dodging


You had 3 spell levels left.
You didn't know any spells.

Dungeon Overview and Level Annotations

Branches:
Dungeon (3/15)

Altars:
Xom


Innate Abilities, Weirdness & Mutations

You are small and have problems with some larger weapons.
You are carnivorous and can eat meat at any time.


Message History

You feel sick.
The crimson imp blinks!
You feel your anger subside.
* * * LOW HITPOINT WARNING * * *
You feel sick.
The crimson imp blinks!
You are no longer berserk.
You are exhausted.
You feel yourself slow down.
* * * LOW HITPOINT WARNING * * *
You feel sick.
* * * LOW HITPOINT WARNING * * *
You feel sick.
The crimson imp blinks!
* * * LOW HITPOINT WARNING * * *
You feel sick.
* * * LOW HITPOINT WARNING * * *
You feel sick.
The crimson imp blinks!
Your extra speed is starting to run out.
* * * LOW HITPOINT WARNING * * *
You feel sick.
You die...

[...# ##########.............#.
....####....)..##.............#
#......#8.....8##.............#
#.####.#.......#####..######+##
#.# #.#8.....8#......## # #.##
#.#.......#.####.(#####.# ...#
#.#8.....8#.# #..%.....# ...#
#.#...)...#.# #........+ ...#
#.#8.....8#@# #(.......#
#.####.........#.####....###..)
.......##..........))).#...# ##
#.####.#......#........#...#
....##.#.#.##.#........#...#
..%.####'####.#........#...#
....#.......#......(...# ..#
..[.###._.###.#.#...5..# ..
....# ^...^ #.#.#......#


You could see a crimson imp.

Vanquished Creatures
  2 adders (D:2)
  2 worms (D:2)
  3 giant geckos
  8 bats
  A giant cockroach (D:2)
  9 hobgoblins
  9 jackals
  7 kobolds
  A quokka (D:3)
  2 giant newts (D:2)
  12 goblins
  4 rats
60 creatures vanquished.

Notes
Turn   | Place    | Note
--------------------------------------------------------------
     0 | D:1      | lucasterio the Kobold Berserker began the quest for the Orb.
     0 | D:1      | Reached XP level 1. HP: 14/14 MP: 1/1
   112 | D:1      | Reached XP level 2. HP: 9/19 MP: 2/2
   663 | D:1      | Reached XP level 3. HP: 23/23 MP: 3/3
   670 | D:1      | Reached skill level 5 in Short Blades
  1328 | D:2      | Reached ** piety under Trog
  1328 | D:2      | Reached XP level 4. HP: 25/28 MP: 4/4
  1939 | D:3      | Reached skill level 6 in Short Blades
  2150 | D:3      | Found a shimmering altar of Xom.
  2203 | D:3      | HP: 1/28 [poisoned by a crimson imp]
  2205 | D:3      | Succumbed to a crimson imp's poison

Action                   |  1- 3 |  4- 6 || total
-------------------------+-------+-------++-------
Melee: Short sword       |   116 |   141 ||   257
Invok: Berserk           |       |     2 ||     2
 Stab: Sleeping          |     1 |       ||     1
  Eat: Chunk             |    10 |     4 ||    14
